 Dungeon Crawl Stone Soup version 0.18.1-48-g4cf74bf (webtiles) character file.

35 Lennu the Skirmisher (level 3, 33/33 HPs)
             Began as a Draconian Chaos Knight on June 27, 2016.
             Quit the game on level 1 of the Dungeon.
             The game lasted 00:05:01 (1146 turns).

Lennu the Skirmisher (Draconian Chaos Knight)       Turns: 1146, Time: 00:05:02

Health: 33/33      AC:  5    Str: 15    XL:     3   Next: 17%
Magic:  3/3        EV: 12    Int: 12    God:    Xom [..*...]
Gold:   61         SH:  0    Dex: 10    Spells: 0 memorised, 2 levels left

rFire  . . .     SeeInvis .     a - +0 falchion (chaos)
rCold  . . .     Gourm    .     (armour unavailable)
rNeg   . . .     Faith    .     (no shield)
rPois  .         Spirit   .     (helmet restricted)
rElec  .         Dismiss  .     (no cloak)
rCorr  .         Reflect  .     (no gloves)
SustAt .         Harm     .     (no boots)
MR     .....                    (no amulet)
Stlth  +.........               (no ring)
                                (no ring)

@: not resistant to hostile enchantments, very unstealthy
A: unfitting armour, cold-blooded, AC +5
a: Renounce Religion


You were on level 1 of the Dungeon.
You worshipped Xom.
You were a toy of Xom.
You were not hungry.

You visited 1 branch of the dungeon, and saw 1 of its levels.

You collected 61 gold pieces.

Inventory:

Hand Weapons
 a - a +0 falchion of chaos (weapon)
Scrolls
 c - a scroll of random uselessness {unknown}
 d - a scroll of immolation {unknown}
 e - a scroll of blinking {unknown}
 j - a scroll of identify {unknown}
 l - a scroll of teleportation {unknown}
Potions
 f - a potion of curing {unknown}
 g - a potion of agility
 i - a potion of flight {unknown}
Comestibles
 b - a bread ration
 h - a fruit
 k - a chunk of flesh


   Skills:
 * Level 4.0 Fighting
 * Level 3.2 Long Blades
 * Level 2.5 Dodging
 * Level 0.8 Stealth


You had 2 spell levels left.
You didn't know any spells.

Dungeon Overview and Level Annotations

Branches:
Dungeon (1/15)

Altars:


Innate Abilities, Weirdness & Mutations

Your plain brown scales are hard (AC +5).
Your body does not fit into most forms of armour.
You are cold-blooded and may be slowed by cold attacks.


Message History

There is an escape hatch in the floor here.
A giant newt and a rat come into view.
Found a scroll labeled TANEIVA KIEMU.
The rat bites you but does no damage.
You hit the rat but do no damage.
There is a sudden explosion of sparks!
You kill the rat!
You miss the giant newt.
Your tail-slap misses the giant newt.
The giant newt bites you but does no damage.
You hit the giant newt.
You kill the giant newt!
l - a scroll labeled TANEIVA KIEMU Read which item? (? for menu, Esc to quit)
Okay, then.
Done exploring.
There is a stone staircase leading down here.
Drink which item? (? for menu, Esc to quit)
Okay, then.
Quiver which item? (- for none, * to show all) (? for menu, Esc to quit)
Okay, then.
Are you sure you want to abandon this character and quit the game? (Confirm with "yes".)

####### #.....#######
#.....##....# #.....##....#
############## #.....##....#
#............###
#.....##....######.#.....#..#...#
................@#.#.....#..#...#
#.....##....####.#.##...##.###...
########....# #.#..#...#..#[#...
###### #....##.##.##.##..
#.....#.#..#...#..
#.#...###.##...##.
#.##...#..#.....#.
#......#..#.....#.
######............


There were no monsters in sight!

Vanquished Creatures
  A dart slug (D:1)
  2 giant geckos (D:1)
  7 bats (D:1)
  2 giant cockroaches (D:1)
  4 goblins (D:1)
  2 hobgoblins (D:1)
  5 jackals (D:1)
  A giant newt (D:1)
  3 rats (D:1)
27 creatures vanquished.

Vanquished Creatures (others)
  A jackal (D:1)
1 creature vanquished.

Grand Total: 28 creatures vanquished

Notes
Turn   | Place    | Note
--------------------------------------------------------------
     0 | D:1      | Lennu the Draconian Chaos Knight began the quest for the Orb.
     0 | D:1      | Reached XP level 1. HP: 19/19 MP: 1/1
   143 | D:1      | Reached XP level 2. HP: 26/26 MP: 2/2
   301 | D:1      | XOM: divination: detect creatures
   333 | D:1      | XOM: smoke on damage
   766 | D:1      | XOM: harmless Necr miscast
   777 | D:1      | Reached XP level 3. HP: 32/33 MP: 3/3
  1022 | D:1      | Reached skill level 4 in Fighting
  1146 | D:1      | Quit the game

Skill      XL: |  1  2  3 |
---------------+----------+-----
Fighting       | 4 |  4.0
Long Blades    | |  3.2
Dodging        | |  2.5
Stealth        | |  0.8

Action                   || total
-------------------------++-------
Melee: Falchion          ||    78
       Tailslap          ||     9
  Use: Scroll            ||     1
       Potion            ||     1
  Eat: Chunk             ||     1
Armor: Skin              ||    39
Dodge: Dodged            ||    89
